 Dungeon Crawl Stone Soup version 0.28.0-53-g5a82cb258f (webtiles) character file.

Game seed: 7559478983434158519

238 Zeld the Conjurer (level 5, -11/28 HPs)
             Began as a Deep Elf Conjurer on May 24, 2022.
             Killed by divine providence
             ... invoked by an orc priest
              (12 damage)
             ... on level 4 of the Dungeon.
             The game lasted 00:03:35 (3804 turns).

Zeld the Conjurer (Deep Elf Conjurer)               Turns: 3804, Time: 00:03:36

Health: -11/28     AC:  5    Str:  4    XL:     5   Next: 78%
Magic:  12/14      EV: 11    Int: 25    God:
Gold:   143        SH:  0    Dex: 13    Spells: 3/14 levels left

rFire   . . .      SeeInvis .   a - +2 dagger (venom)
rCold   . . .      Faith    .   (no shield)
rNeg    . . .      Spirit   .   n - +1 leather armour {Will+}
rPois   .          Reflect  .   (no helmet)
rElec   .          Harm     .   (no cloak)
rCorr   .          Rampage  .   l - +0 pair of gloves
Will    +....                   (no boots)
Stlth   ++........              (no amulet)
HPRegen 0.09/turn               (no ring)
MPRegen 0.14/turn               (no ring)

@: no status effects
A: no striking features
a: no special abilities


You were on level 4 of the Dungeon.
You visited 1 branch of the dungeon, and saw 4 of its levels.

You collected 143 gold pieces.

Inventory:

Hand Weapons
 a - a +2 dagger of venom (weapon)
Armour
 l - a +0 pair of gloves (worn)
 n - a +1 leather armour of willpower (worn)
Jewellery
 b - a ring of resist corrosion
Scrolls
 c - 5 scrolls of teleportation {unknown}
 h - a scroll of enchant armour {unknown}
 j - 2 scrolls of identify {unknown}
 m - 2 scrolls of blinking {unknown}
Potions
 d - 3 potions of flight {unknown}
 e - a potion of invisibility {unknown}
 f - 2 potions of ambrosia {unknown}
 g - 2 potions of haste {unknown}
 i - a potion of cancellation {unknown}
 k - 3 potions of magic {unknown}
 o - a potion of attraction {unknown}


   Skills:
 - Level 2.4 Dodging
 + Level 2.6 Stealth
 * Level 5.4 Spellcasting
 * Level 6.0 Conjurations
 - Level 2.0 Hexes
 - Level 2.0 Translocations


You had 3 spell levels left.
You knew the following spells:

 Your Spells              Type           Power      Damage    Failure   Level
a - Magic Dart            Conj           100%       1d8       1%          1
b - Searing Ray           Conj           72%        2d7       1%          2
c - Fulminant Prism       Conj/Hex       13%        3d9       26%         4
d - Iskenderun's Mystic   Conj/Tloc      26%        2d7       26%         4

Your spell library contained the following spells:

 Spells                   Type           Power      Damage    Failure   Level
 Dazzling Flash           Conj/Hex       52%        N/A       9%          3
 Stone Arrow              Conj/Erth      42%        3d9       12%         3
 Animate Skeleton         Necr           12%        N/A       14%         1
 Pain                     Necr           24%        1d5       14%         1
 Sandblast                Erth           12%        2d6       14%         1
 Passwall                 Tmut/Erth      5%         N/A       22%         2
 Vampiric Draining        Necr           6%         2d6       38%         3
 Animate Dead             Necr           3%         N/A       80%         4
 Borgnjor's Vile Clutch   Necr/Erth      3%         N/A       98%         5
 Death Channel            Necr           3%         N/A       100%        6


Dungeon Overview and Level Annotations

Branches:
Dungeon (4/15)
 Temple: D:4-7

Altars:


Message History

Casting: Searing Ray (safe; 1% risk of failure)
Confirm with . or Enter, or press ? or * to list all spells.
Aiming: Searing Ray (safe; 1% risk of failure)
Press: ? - help, Shift-Dir - straight line, f - orc
Aim: an orc, wielding a +0 trident (asleep, 100% to hit)
The searing ray hits the orc.
The orc is severely wounded. (Press . to maintain the ray.)
The orc shouts!
You hear a shout! x3
An orc comes into view. It is wielding a +0 war axe.
You hear a shout! x2
The searing ray hits the orc.
You kill the orc!
The searing ray misses the orc.
An orc comes into view. It is wielding a +0 falchion.
The searing ray hits the orc.
The orc is heavily wounded.
The searing ray hits the orc.
You kill the orc!
An orc priest comes into view. It is wielding a +0 flail.
Your Conjurations skill increases to level 6!
Unknown command.
The searing ray hits the orc.
You kill the orc!
You finish channelling your searing ray.
The orc hits you with a +0 whip.
You closely miss the orc. The orc hits you with a +0 whip.
The orc priest mumbles some strange prayers to Beogh against you.
Beogh smites you! The orc misses you.
The orc priest mumbles some strange prayers to Beogh against you.
Beogh smites you!
* * * LOW HITPOINT WARNING * * *
Things that are here:
a +0 falchion; an orc corpse
There is a stone staircase leading up here.
The orc hits you with a +0 whip.
* * * LOW HITPOINT WARNING * * *
The orc priest calls down the wrath of Beogh upon you.
Beogh smites you!
You die...

# .# ..
####.#
##....#
#.@#.# #o##.#
##.#..#
########)...#
.........#.##
########...#
## ####.###
). ###..o.#
#) #...####


You could see an orc priest and an orc.

Vanquished Creatures
  Jessica (D:2)
  An orc wizard (D:3)
  8 gnolls
  5 adders
  7 orcs
  8 ball pythons
  5 endoplasms
  A giant cockroach (D:2)
  5 goblins
  4 hobgoblins
  A quokka (D:1)
  9 bats
  2 frilled lizards
  3 kobolds
  5 rats
65 creatures vanquished.

Notes
Turn   | Place    | Note
-------+----------+-------------------------------------------
     0 | D:1      | Zeld the Deep Elf Conjurer began the quest for the Orb.
     0 | D:1      | Reached XP level 1. HP: 10/10 MP: 6/6
   292 | D:1      | Reached XP level 2. HP: 15/15 MP: 6/8
   357 | D:1      | Learned a level 2 spell: Searing Ray
   419 | D:1      | Reached skill level 1 in Hexes
   478 | D:1      | Found a faded altar of an unknown god.
   553 | D:1      | Reached XP level 3. HP: 19/19 MP: 5/10
  1373 | D:2      | Reached skill level 5 in Conjurations
  1586 | D:2      | Reached skill level 1 in Translocations
  1897 | D:2      | Reached XP level 4. HP: 21/24 MP: 6/12
  1902 | D:2      | Learned a level 4 spell: Fulminant Prism
  1907 | D:2      | Learned a level 4 spell: Iskenderun's Mystic Blast
  2360 | D:2      | Noticed Jessica
  2366 | D:2      | Killed Jessica
  2367 | D:2      | Reached XP level 5. HP: 22/28 MP: 7/14
  2658 | D:2      | Reached skill level 5 in Spellcasting
  3787 | D:4      | Reached skill level 6 in Conjurations
  3804 | D:4      | HP: 1/28 [orc/+0 whip (5)]
  3804 | D:4      | Killed from afar by an orc priest

Illustrated notes

Levels and vault maps discovered:
D:1:      elethiomel_arrival_infinity_welcomes_careful_drivers, layout_basic,
          ebering_ecumenical_altar_rust, serial_park_tiny_2
D:2:      layout_basic, minmay_pentomino_w4, uniq_jessica
D:3:      layout_loops_ring
D:4:      layout_rooms, chequers_serial_rivers_small_a

Skill      XL: |  1  2  3  4  5 |
---------------+----------------+-----
Hexes          | 1 2 |  2.0
Conjurations   | 5 6 |  6.0
Spellcasting   | 4 5 |  5.4
Translocations | 1 2 |  2.0
Dodging        | |  2.4
Stealth        | |  2.6

Action                   |  1- 3 |  4- 6 || total
-------------------------+-------+-------++-------
Melee: Dagger            |    41 |    39 ||    80
 Cast: Magic Dart        |    15 |    12 ||    27
       Searing Ray       |     5 |    16 ||    21
 Stab: Sleeping          |     1 |       ||     1
       Distracted        |       |     1 ||     1
Armor: Robe              |    14 |    10 ||    24
       Leather armour    |       |     3 ||     3
Dodge: Dodged            |    39 |    33 ||    72
